Map: Kairos Junction LE

Players

Samwise - Winner!

  • Race: Protoss Protoss
  • League: Platinum
  • Spawn Location: 5:00

A.I. 1 (Elite)

  • Race: Zerg Zerg
  • Spawn Location: 11:00

VOD

Have the link to the VOD?

Description

Time

  • Played on: Sept. 2, 2019, 9:21 a.m.
  • Length: 6:41
Show
View Real Time Build Order
Export as new Build Order

Samwise Protoss - Winner!

Build Orders:  

Get SALT Encoding   

  12  0:01  Probe  
  13  0:13  Probe  
  14  0:25  Probe  
  14  0:27  Pylon  
  15  0:37  Pylon  
  15  0:45  Probe  
  15  0:48  Assimilator  
  16  0:58  Probe  
  16  1:02  Gateway  
  17  1:12  Gateway  
  17  1:16  Probe  
  18  1:23  Assimilator  
  18  1:28  Probe  
  19  1:40  Probe  
  20  1:49  Cybernetics Core  
  20  1:51  Zealot  
  20  1:53  Zealot  
  22  1:54  Probe  
  23  2:06  Probe  
  26  2:18  Probe, Zealot  
  26  2:19  Zealot  
  31  2:26  Pylon  
  31  2:33  Pylon  
  31  2:44  Shield Battery  
  31  2:45  Zealot  
  32  2:55  Stalker  
  30  3:12  Stalker  
  30  3:25  Stalker  
  32  3:29  Stargate  
  32  3:33  Robotics Facility  
  32  3:42  Stalker  
  32  3:43  Pylon  
  32  3:48  Shield Battery  
  34  3:59  Probe  
  35  4:10  Immortal  
  39  4:26  Stalker  
  41  4:42  Immortal  
  41  4:44  Sentry  
  47  5:01  Pylon  
  47  5:05  Pylon  
  47  5:18  Warp Prism  
  47  5:19  Sentry  
  51  5:50  Nexus  
  51  5:52  Pylon  
Show
View Real Time Build Order
Export as new Build Order

A.I. 1 (Elite) Zerg 

Build Orders: Hatch First 

Get SALT Encoding   

  12  0:00  Drone  
  13  0:12  Overlord  
  13  0:16  Drone  
  14  0:30  Drone x2  
  14  0:34  Drone  
  17  0:53  Hatchery  
  17  0:56  Drone  
  17  1:14  Spawning Pool  
  17  1:15  Extractor  
  17  1:17  Drone  
  16  1:21  Drone  
  18  1:25  Drone  
  18  1:29  Drone  
  19  1:38  Overlord  
  19  1:49  Drone  
  20  2:01  Queen  
  20  2:03  Zergling x2  
  20  2:05  Drone  
  24  2:17  Queen  
  24  2:21  Drone  
  27  2:28  Zergling x2  
  27  2:29  Zergling x2  
  29  2:35  Zergling x2  
  27  2:41  Extractor  
  6  3:34  Drone  
  7  3:46  Drone  
  8  3:57  Drone  
  7  4:18  Drone  
  8  4:28  Drone  
  7  4:48  Drone  
  8  4:59  Drone  
  5  5:35  Drone  
  6  5:53  Drone  
  5  6:05  Drone  
Tags
 
Add a new tag
Caveats
  • Supply blocks, unpowered buildings, or Contaminate may cause inaccurate times.
  • Supply counts are checked every 10 seconds.